 Dungeon Crawl Stone Soup version 0.30-a0-939-gc8157cb160 (webtiles) character file.

Game seed: 18119326974268737021

751 cforsyth the Trooper (level 7, -2/39 HPs)
             Began as a Vine Stalker Fighter on Mar 25, 2023.
             Slain by a hornet (5 damage)
             ... on level 5 of the Dungeon.
             The game lasted 00:06:42 (4881 turns).

cforsyth the Trooper (Vine Stalker Fighter)         Turns: 4881, Time: 00:06:42

Health: -2/39      AC:  6    Str: 20    XL:     7   Next: 78%
Magic:  0/8        EV:  9    Int:  8    God:
Gold:   275        SH:  5    Dex: 14    Spells: 6/6 levels left

rFire   . . .      SeeInvis .    w - +3 dagger
rCold   . . .      Faith    .    c - +0 buckler
rNeg    . . .      Spirit   +    b - +0 scale mail
rPois   +          Reflect  .    (no helmet)
rElec   .          Rampage  .    (no cloak)
rCorr   .                        (no gloves)
Will    .....                    (no boots) Stlth
                                 k - amulet of the acrobat
HPRegen 1.06/turn                g - ring of poison resistance
MPRegen 0.11/turn                (no ring)

@: mighty, slowed, very slow
A: fangs 2, regeneration 1, magic shield, antimagic bite, no potion heal 2
a: no special abilities


You were on level 5 of the Dungeon.
You visited 1 branch of the dungeon, and saw 5 of its levels.

You collected 275 gold pieces.

Inventory:

Hand Weapons
 a - a +0 rapier
 w - a +3 dagger (weapon)
Missiles
 C - a throwing net (quivered)
Armour
 b - a +0 scale mail (worn)
 c - a +0 buckler (worn)
Jewellery
 g - a ring of poison resistance (left hand)
 k - an amulet of the acrobat (around neck)
 y - a +6 ring of intelligence
Wands
 r - a wand of flame (20)
 B - a wand of polymorph (8)
Scrolls
 e - 2 scrolls of blinking {unknown}
 i - 4 scrolls of identify {unknown}
 j - 3 scrolls of fog {unknown}
 l - a scroll of enchant weapon {unknown}
 n - 2 scrolls of vulnerability {unknown}
 s - a scroll of summoning {unknown}
 u - a scroll of fear {unknown}
 x - a scroll of noise {unknown}
 z - a scroll of teleportation {unknown}
 D - a scroll of silence {unknown}
Potions
 f - 8 potions of curing {unknown}
 h - 2 potions of ambrosia {unknown}
 m - a potion of heal wounds {unknown}
 o - a potion of berserk rage {unknown}
 p - a potion of flight {unknown}
 q - 2 potions of brilliance {unknown}
 t - 2 potions of mutation {unknown}
 v - 2 potions of degeneration {unknown}
 A - a potion of cancellation {unknown}


   Skills:
 + Level 5.9 Fighting
 + Level 5.4 Short Blades
 - Level 2.6 Armour
 - Level 3.0 Shields


You had 6 spell levels left.
You didn't know any spells.
Your spell library contained the following spells:

 Spells                   Type           Power      Damage    Failure   Level
 Apportation              Tloc           0%         N/A       86%         1
 Cigotuvi's Dreadful Rot  Necr/Pois/Air  0%         N/A       94%         2
 Poisonous Vapours        Pois/Air       0%         N/A       94%         2
 Ignite Poison            Fire/Tmut/Pois 0%         N/A       99%         3
 Kindle Blastsparks       Fire/Tloc/Air  0%         2d10      99%         3
 Mephitic Cloud           Conj/Pois/Air  0%         N/A       99%         3
 Alistair's Intoxication  Tmut/Pois      0%         N/A       100%        5
 Freezing Cloud           Conj/Ice/Air   0%         6-21      100%        5


Dungeon Overview and Level Annotations

Branches:
Dungeon (5/15)
 Temple: D:4-7

Altars:
Dithmenos

Annotations:
D:3 2 runed translucent doors, Crazy Yiuf; somoking's ghost, weakling GnHW


Innate Abilities, Weirdness & Mutations

You have extremely sharp teeth.
Your natural rate of healing is unusually fast.
When hurt, damage is shared between your health and your magic reserves.
Your bite disrupts and absorbs the magic of your enemies.
Potions cannot restore your health.


Message History

You feel yourself slow down.
You hit the hornet. You bite the hornet, but do no damage.
The hornet is moderately wounded.
You feel sick. The ufetubus closely misses you.
The ufetubus hits you but does no damage.
The hornet barely misses you.
The ufetubus hits you but does no damage.
You block the ufetubus's attack.
You miss the hornet. You bite the hornet. You drain its power.
You feel invigorated.
The hornet is heavily wounded.
You feel yourself speed up.
You feel sick. The hornet barely misses you. You block the ufetubus's attack.
The ufetubus closely misses you.
A hound comes into view.
The hornet stings you.
* * * LOW HITPOINT WARNING * * *
You feel yourself slow down.
Unknown command.
You hit the hornet. Your bite misses the hornet.
The hornet is severely wounded.
You feel yourself speed up.
You feel sick.
The ufetubus hits you but does no damage.
The ufetubus barely misses you. You block the hornet's attack.
You block the ufetubus's attack. The ufetubus closely misses you.
The hornet stings you.
* * * LOW HITPOINT WARNING * * *
You feel yourself slow down.
Unknown command.
You feel very mighty all of a sudden.
You feel sick.
You are no longer poisoned.
The ufetubus barely misses you.
The ufetubus hits you but does no damage.
The hornet stings you.
* * * LOW HITPOINT WARNING * * *
The ufetubus closely misses you. The ufetubus barely misses you.
The hornet stings you!
You die...

## ... #..#..## [.# ...
#..#...# ..##.# #..#.#.# #
..#.# ##..#.#.#### ## '#.#+
##..y#.#....######
.###...###......#.........#
.....8.........##.........#
.###...###.....##....>....#
## +#.#+ ##..h.y@.........#
# #h# ##...##5........#
##.## #..###.........#
##.s.## #..............#
###..5..####..............#
.....Y...........##########
..[##.############
#..).5#### ##########
#####s...### #........#


You could see a hornet, a hound and an ufetubus.

Vanquished Creatures
  A gnoll sergeant (D:3)
  A scorpion (D:5)
  4 hounds
  A gnoll bouda (D:4)
  2 orc priests
  Jessica (D:3)
  4 orc wizards
  12 gnolls
  6 adders
  A white imp (D:5)
  An ufetubus (D:4)
  2 dart slugs
  15 orcs
  7 ball pythons
  11 endoplasms
  4 giant cockroaches
  12 goblins
  12 hobgoblins
  5 kobolds
  5 quokkas
  6 bats
  3 frilled lizards
  6 rats
122 creatures vanquished.

Notes
Turn   | Place    | Note
-------+----------+-------------------------------------------
     0 | D:1      | cforsyth the Vine Stalker Fighter began the quest for the
                  | Orb.
     0 | D:1      | Reached XP level 1. HP: 11/11 MP: 2/2
   120 | D:1      | Reached XP level 2. HP: 11/16 MP: 1/3
   190 | D:1      | Reached XP level 3. HP: 20/20 MP: 4/4
  1061 | D:2      | Gained mutation: Your natural rate of healing is unusually
                  | fast. [Vine Stalker growth]
  1061 | D:2      | Reached XP level 4. HP: 13/24 MP: 2/5
  1981 | D:3      | Noticed Jessica
  1983 | D:3      | Found a runed translucent door.
  1986 | D:3      | Killed Jessica
  1987 | D:3      | Reached XP level 5. HP: 26/29 MP: 6/6
  2360 | D:3      | Found a runed translucent door.
  2361 | D:3      | Noticed Crazy Yiuf
  2955 | D:3      | Noticed somoking's ghost (weakling GnHW)
  3341 | D:3      | Reached XP level 6. HP: 34/34 MP: 7/7
  3737 | D:4      | Identified the +0 whip of Starshine {flame, rC+ Str+3}
  3933 | D:4      | Found a shadowy altar of Dithmenos.
  4065 | D:5      | Entered Level 5 of the Dungeon
  4136 | D:4      | Reached skill level 5 in Fighting
  4161 | D:5      | Reached XP level 7. HP: 28/39 MP: 3/8
  4444 | D:3      | Reached skill level 5 in Short Blades
  4703 | D:5      | Noticed a yak
  4863 | D:5      | Noticed a hornet
  4881 | D:5      | Slain by a hornet

Illustrated notes

Levels and vault maps discovered:
D:1:      minmay_arrival_open_corners, layout_basic
D:2:      layout_loops_corners
D:3:      minmay_thinvault, layout_basic, ebering_ghost_reflecting_pool,
          hangedman_abyss_or_decor_lesser_grid, uniq_jessica,
          uniq_crazy_yiuf_cottage
D:4:      layout_basic, nicolae_dithmenos_through_a_glass_darkly,
          glass_columns_a, dk_vineyard_3, st_stairs_14
D:5:      cheibrodos_barr_body, layout_rooms, vehumet_altar_wand_db

Skill      XL: |  1  2  3  4  5  6  7 |
---------------+----------------------+-----
Short Blades   | 2 3 4 5 |  5.4
Fighting       | 3 4 5 |  5.9
Shields        | 3 |  3.0
Armour         | |  2.6

Action                     |  1- 3 |  4- 6 |  7- 9 || total
---------------------------+-------+-------+-------++-------
  Melee: Rapier            |    76 |   175 |       ||   251
         Bite              |    20 |    67 |    45 ||   132
         Dagger            |       |    91 |   142 ||   233
    Use: Potion            |       |       |     1 ||     1
 Armour: Scale mail        |    43 |    79 |    35 ||   157
  Dodge: Dodged            |    40 |   144 |   114 ||   298
  Block: Buckler           |    16 |    63 |    44 ||   123

Table legend: (Time is in decaauts)
 A = Elapsed time spent in this place.
 B = Non-inter-level travel time spent in this place.
 C = Inter-level travel time spent in this place.
 D = Time resting spent in this place.
 E = Time spent auto-exploring this place.
 F = Levels seen in this place.
 G = Mean time per level.
                   A        B        C        D        E       F      G
               +--------+--------+--------+--------+--------+-----+--------+
         Total |   4872 |   4755 |    117 |    625 |   3084 |   5 |  974.4 |
       Dungeon |   4872 |   4755 |    117 |    625 |   3084 |   5 |  974.4 |
               +--------+--------+--------+--------+--------+-----+--------+

Top non-repeatable levels by time:
     D:3: 1623 daAuts
     D:4: 1055 daAuts
     D:1: 954 daAuts
     D:2: 838 daAuts
     D:5: 400 daAuts
